 Dungeon Crawl Stone Soup version 0.28.0-1-gb440e238dd (webtiles) character file.

Game seed: 6028938583853680819

98 themarg the Conjurer (level 4, -8/24 HPs)
             Began as a Tengu Conjurer on Feb 22, 2022.
             Mangled by an ice beast (14 damage)
             ... on level 6 of the Dungeon.
             The game lasted 00:07:24 (3780 turns).

themarg the Conjurer (Tengu Conjurer)               Turns: 3780, Time: 00:07:25

Health: -8/24      AC:  2    Str:  8    XL:     4   Next: 69%
Magic:  1/9        EV: 12    Int: 20    God:
Gold:   143        SH:  0    Dex: 12    Spells: 5/8 levels left

rFire   . . .      SeeInvis .   b - +1 dagger (pain)
rCold   . . .      Faith    .   (no shield)
rNeg    . . .      Spirit   .   a - +0 robe
rPois   .          Reflect  .   (helmet restricted)
rElec   .          Harm     .   (no cloak)
rCorr   .          Rampage  .   (no gloves)
Will    .....                   (boots unavailable)
Stlth   ++........              (no amulet)
HPRegen 0.08/turn               (no ring)
MPRegen 0.11/turn               (no ring)

@: no status effects
A: beak, talons 3
a: no special abilities


You were on level 6 of the Dungeon.
You visited 1 branch of the dungeon, and saw 4 of its levels.

You collected 143 gold pieces.

Inventory:

Hand Weapons
 b - a +1 dagger of pain (weapon)
Missiles
 d - 105 stones
Armour
 a - a +0 robe (worn)
Scrolls
 h - a scroll of immolation {unknown}
 j - 2 scrolls of teleportation {unknown}
 k - a scroll of enchant weapon {unknown}
 l - a scroll of identify {unknown}
Potions
 c - 2 potions of heal wounds {unknown}
 e - a potion of might {unknown}
 f - a potion of degeneration {unknown}
 g - a potion of resistance {unknown}
 i - a potion of curing {unknown}
 m - a potion of magic {unknown}


   Skills:
 + Level 0.1 Fighting
 + Level 2.4 Dodging
 + Level 2.5 Stealth
 + Level 0.3 Unarmed Combat
 + Level 2.9 Spellcasting
 + Level 6.5 Conjurations


You had 5 spell levels left.
You knew the following spells:

 Your Spells              Type           Power      Damage    Failure   Level
a - Magic Dart            Conj           100%       1d8       1%          1
b - Searing Ray           Conj           58%        2d6       1%          2

Your spell library contained the following spells:

 Spells                   Type           Power      Damage    Failure   Level
 Dazzling Flash           Conj/Hex       32%        N/A       11%         3
 Fulminant Prism          Conj/Hex       8%         3d7       36%         4
 Iskenderun's Mystic Bla  Conj/Tloc      16%        2d5       36%         4


Dungeon Overview and Level Annotations

Branches:
Dungeon (3/15)

Altars:
Okawaru
Wu Jian

Annotations:
D:2 1 runed translucent door, Crazy Yiuf


Innate Abilities, Weirdness & Mutations

You have a beak for a mouth.
You have claws for feet.


Message History

Aiming: Magic Dart (safe; 1% risk of failure)
Press: ? - help, Shift-Dir - straight line, f - rat
Aim: a rat (wandering, hasn't noticed you, 100% to hit)
The magic dart hits the rat!
You kill the rat!
A sourceless malevolence fills the Dungeon...
You fall into a shaft and drop 3 floors!
The shaft crumbles and collapses.
You open the door.
There is an open door here.
An ice beast comes into view.
Casting: Magic Dart (safe; 1% risk of failure)
Confirm with . or Enter, or press ? or * to list all spells.
Aiming: Searing Ray (safe; 1% risk of failure)
Press: ? - help, Shift-Dir - straight line, f - ice beast
Aim: an ice beast (wandering, hasn't noticed you, 79% to hit)
The searing ray hits the ice beast but does no damage. (Press . to maintain the ray.)
The searing ray hits the ice beast!
The ice beast is moderately wounded.
The searing ray hits the ice beast.
The ice beast is heavily wounded.
The ice beast completely misses you.
The searing ray misses the ice beast.
You finish channelling your searing ray.
The ice beast closely misses you.
Casting: Searing Ray (safe; 1% risk of failure)
Confirm with . or Enter, or press ? or * to list all spells.
Aiming: Searing Ray (safe; 1% risk of failure)
Press: ? - help, Shift-Dir - straight line, f/p - ice beast
Aim: an ice beast (heavily wounded, 79% to hit)
The searing ray misses the ice beast. (Press . to maintain the ray.)
The ice beast hits you. The ice beast freezes you!
Ouch! That really hurt!
The searing ray misses the ice beast.
The ice beast hits you.
* * * LOW HITPOINT WARNING * * *
The ice beast freezes you!
Ouch! That really hurt!
You die...

#.######.#.# #.#....#.#..
####.#.##.#.#..
..........#.#.#
####.#....#.#.###########
#.####.#.#......Y....#
#........#.#########.#
######......Y.# #.#
......######@# #.#
#####.# #.######.# #.#
#........# #.# ########.#
### ###


You could see an ice beast.

Vanquished Creatures
  An adder (D:3)
  4 dart slugs
  An orc (D:3)
  8 endoplasms
  14 hobgoblins
  5 jackals (D:1)
  7 quokkas
  5 ball pythons
  6 bats
  3 frilled lizards
  6 goblins
  2 kobolds
  9 rats
71 creatures vanquished.

Notes
Turn   | Place    | Note
-------+----------+-------------------------------------------
     0 | D:1      | themarg the Tengu Conjurer began the quest for the Orb.
     0 | D:1      | Reached XP level 1. HP: 10/10 MP: 4/4
   136 | D:1      | Reached XP level 2. HP: 15/15 MP: 1/6
   139 | D:1      | Learned a level 2 spell: Searing Ray
   664 | D:1      | Reached XP level 3. HP: 19/19 MP: 5/7
   696 | D:1      | Reached skill level 6 in Conjurations
  1811 | D:2      | Found a runed translucent door.
  1812 | D:2      | Noticed Crazy Yiuf
  2293 | D:2      | Reached XP level 4. HP: 24/24 MP: 8/8
  2883 | D:3      | Found an ornate altar of the Wu Jian Council.
  2886 | D:3      | Found an iron altar of Okawaru.
  3303 | D:3      | Found a faded altar of an unknown god.
  3705 | D:3      | You fall into a shaft and drop 3 floors!
  3759 | D:6      | Noticed an ice beast
  3780 | D:6      | Mangled by an ice beast

Illustrated notes

Levels and vault maps discovered:
D:1:      grunt_arrival_lava_bath, layout_rooms, nicolae_figureground_sparkle
D:2:      minmay_diamond_boxcup, layout_loops_corners,
          minmay_misc_feat_diagonals, minmay_distorted, uniq_crazy_yiuf_cottage
D:3:      layout_basic, mainiacjoe_overflow_catwalk_spiral,
          hellmonk_ecumenical_altar_pennies_from_heaven
D:6:      layout_basic, kennysheep_mini_moat

Skill      XL: |  1  2  3 |
---------------+----------+-----
Conjurations   | 6 |  6.5
Fighting       | |  0.1
Dodging        | |  2.4
Stealth        | |  2.5
Unarmed Combat | |  0.3
Spellcasting   | |  2.9

Action                   |  1- 3 |  4- 6 || total
-------------------------+-------+-------++-------
Melee: Unarmed           |    11 |       ||    11
       Peck              |     5 |     5 ||    10
       Kick              |     4 |     9 ||    13
       Dagger            |    12 |    35 ||    47
       Punch             |       |     1 ||     1
 Cast: Magic Dart        |    77 |    18 ||    95
       Searing Ray       |     1 |     2 ||     3
 Stab: Sleeping          |     1 |     1 ||     2
Armor: Robe              |     1 |     5 ||     6
Dodge: Dodged            |    19 |    23 ||    42
